[Event "Titled Tuesday Blitz March 21 Late 2023"]
[White "Manukyan, Sargis V."]
[Black "Firouzja, Alireza"]
[WhiteFideId "13303465"]
[BlackFideId "12573981"]
[WhiteElo "2236"]
[BlackElo "2904"]
[Result "0-1"]
[Round "03"]
[TimeControl "180+2"]
[Date "2023.03.21"]
[WhiteClock "0:00:05"]
[BlackClock "0:01:07"]

1. d4 Nf6 2. c4 g6 3. Nc3 Bg7 4. e4 d6 5. Nf3 O-O 6. Be2 Nbd7 7. O-O e5 8. Be3 c6 9. Qc2 Qe7 10. Rfe1 exd4 11. Nxd4 Nc5 12. Bg5 h6 13. Bh4 g5 14. Bg3 Nfxe4 15. Bd3 Bxd4 16. Nxe4 Nxe4 17. Bxe4 Qf6 18. Rad1 Bg4 19. Rd2 Rfe8 20. Rf1 Be5 21. h3 Bh5 22. f4 gxf4 23. Rdf2 Bd4 24. Bxf4 Qxf4 0-1


[Site "https://www.chess.com"]

[Event "Titled Tuesday Blitz March 21 Late 2023"]
[White "Sarana, Alexey"]
[Black "Yelisieiev, Yevhenii"]
[WhiteFideId "24133795"]
[BlackFideId "14139642"]
[WhiteElo "2714"]
[BlackElo "2447"]
[Result "1-0"]
[Round "03"]
[TimeControl "180+2"]
[Date "2023.03.21"]
[WhiteClock "0:00:45"]
[BlackClock "0:00:02"]

1. d4 d6 2. e4 Nf6 3. Nc3 e5 4. Nf3 Nbd7 5. Bc4 Be7 6. O-O O-O 7. a4 a5 8. h3 c6 9. Re1 Nb6 10. Ba2 Nfd7 11. dxe5 dxe5 12. Be3 Qc7 13. Ng5 Nf6 14. Qe2 h6 15. Nxf7 Rxf7 16. Bxb6 Qxb6 17. Qc4 Nd5 18. Rf1 Be6 19. exd5 cxd5 20. Nxd5 Qxb2 21. Rab1 Qa3 22. Rxb7 Rd8 23. Qe4 Bc5 24. Rxf7 Qxa2 25. Rxg7+ Kxg7 26. Qxe5+ Kh7 27. Qc7+ Rd7 28. Nf6+ Kg6 29. Nxd7 Qd5 30. Nxc5 1-0


[Site "https://www.chess.com"]

[Event "Titled Tuesday Blitz March 21 Late 2023"]
[White "Reprintsev, Alexander"]
[Black "Alekseenko, Kirill"]
[WhiteFideId "14100541"]
[BlackFideId "4135539"]
[WhiteElo "2229"]
[BlackElo "2683"]
[Result "0-1"]
[Round "03"]
[TimeControl "180+2"]
[Date "2023.03.21"]
[WhiteClock "0:00:01"]
[BlackClock "0:00:03"]

1. e4 e5 2. Nf3 Nc6 3. Bc4 Nf6 4. Ng5 d5 5. exd5 Na5 6. Bb5+ c6 7. dxc6 bxc6 8. Bd3 Nd5 9. h4 h6 10. Qh5 Qf6 11. Ne4 Qe7 12. b3 Nf4 13. Qf3 h5 14. Ba3 Qc7 15. Bxf8 Rxf8 16. Bf1 Bg4 17. Qc3 Nb7 18. f3 Bf5 19. Na3 O-O-O 20. O-O-O Kb8 21. Nc4 Nd5 22. Qb2 f6 23. g3 Rfe8 24. Bh3 Bg6 25. Rhe1 c5 26. Ne3 Nb4 27. a3 Nc6 28. Qc3 Nd4 29. Nc4 Bf7 30. Bg2 Bd5 31. Kb2 Nb5 32. Qe3 Nd4 33. d3 a5 34. a4 Ka7 35. f4 exf4 36. Qxf4 Qxf4 37. gxf4 f5 38. c3 Nc6 39. Nxc5 Rxe1 40. Rxe1 Nxc5 41. Bxd5 Nxd3+ 42. Ka3 Rxd5 43. Rg1 Rd7 44. Rg5 Nxf4 45. Rxf5 Nd5 46. Rxh5 Nxc3 47. Nxa5 Nd4 48. Rc5 Ne4 49. Rc4 Kb6 50. b4 Nd2 51. Rc3 Ne4 52. Rh3 Nc2+ 53. Kb3 Ne1 54. Nc4+ Ka7 55. Ne5 Rc7 56. Re3 Nd2+ 57. Ka2 Nc2 58. Re2 Nxb4+ 59. Ka3 Nc2+ 60. Kb2 Nd4 61. Rg2 Ne6 0-1


[Site "https://www.chess.com"]

[Event "Titled Tuesday Blitz March 21 Late 2023"]
[White "Hajiyev, Kanan"]
[Black "Steinberg, Nitzan"]
[WhiteFideId "13404148"]
[BlackFideId "2801795"]
[WhiteElo "2103"]
[BlackElo "2486"]
[Result "0-1"]
[Round "03"]
[TimeControl "180+2"]
[Date "2023.03.21"]
[WhiteClock "0:00:01"]
[BlackClock "0:00:46"]

1. d4 d5 2. c4 e6 3. cxd5 exd5 4. Nc3 c6 5. Qc2 Nf6 6. Bg5 Be7 7. e3 O-O 8. Bd3 Nbd7 9. Nf3 Re8 10. O-O Nf8 11. Rab1 a5 12. h3 Nh5 13. Bxe7 Qxe7 14. a3 g6 15. b4 Ng7 16. Ne5 Bf5 17. b5 f6 18. bxc6 fxe5 19. cxb7 Rab8 20. Nxd5 Qd6 21. Bxf5 Nxf5 22. Qc4 Kh8 23. Rb6 Qd8 24. dxe5 Nd7 25. Rb5 Nxe5 26. Qc3 Nd6 27. Rxa5 Nxb7 28. Rb5 Rc8 29. Qd4 Nd6 30. Rb6 Nf5 31. Qe4 Nc4 32. Qd4+ Nxd4 0-1


[Site "https://www.chess.com"]

[Event "Titled Tuesday Blitz March 21 Late 2023"]
[White "Indjic, Aleksandar"]
[Black "Karas, Marek"]
[WhiteFideId "911925"]
[BlackFideId "14928558"]
[WhiteElo "2614"]
[BlackElo "2233"]
[Result "1-0"]
[Round "03"]
[TimeControl "180+2"]
[Date "2023.03.21"]
[WhiteClock "0:01:36"]
[BlackClock "0:01:09"]

1. d4 Nf6 2. c4 e6 3. Nc3 d5 4. Nf3 c5 5. cxd5 Nxd5 6. e4 Nxc3 7. bxc3 cxd4 8. cxd4 Bb4+ 9. Bd2 Bxd2+ 10. Qxd2 O-O 11. Bd3 Nd7 12. O-O b6 13. a4 Bb7 14. a5 Nf6 15. Rfe1 h6 16. h3 bxa5 17. Rxa5 Qe7 18. Bb1 Rfd8 19. Qd3 Qb4 20. Rb5 Qe7 21. e5 Ne4 22. Rxe4 Bxe4 23. Qxe4 g6 24. Rb7 Qf8 25. Bd3 a5 26. Nh2 a4 27. Ng4 a3 28. Nf6+ Kh8 29. Qxg6 Qg7 30. Rxf7 1-0


[Site "https://www.chess.com"]

[Event "Titled Tuesday Blitz March 21 Late 2023"]
[White "Vovk, Orest"]
[Black "Drygalov, Sergey"]
[WhiteFideId "14113490"]
[BlackFideId "24171743"]
[WhiteElo "2215"]
[BlackElo "2533"]
[Result "0-1"]
[Round "03"]
[TimeControl "180+2"]
[Date "2023.03.21"]
[WhiteClock "0:00:01"]
[BlackClock "0:01:03"]

1. h4 d5 2. h5 e5 3. h6 Nxh6 4. d4 e4 5. Bxh6 gxh6 6. e3 Be6 7. c4 c6 8. Qb3 Qb6 9. Nc3 Bb4 10. c5 Qa5 11. Ne2 b6 12. Rxh6 bxc5 13. a3 Nd7 14. O-O-O Bxc3 15. Qxc3 Qxc3+ 16. bxc3 Rb8 17. Nf4 Ke7 18. Kc2 c4 19. Rb1 Rxb1 20. Kxb1 Nf6 21. Be2 Rb8+ 22. Kc2 Rb3 23. Nh5 Nxh5 24. Rxh5 Rxa3 25. Rxh7 Ra2+ 26. Kd1 a5 27. Rh8 a4 28. Ra8 Kd6 29. f3 exf3 30. Bxf3 Bf5 31. g4 Bd3 32. Ra7 a3 33. g5 Ra1+ 34. Kd2 a2 35. Bg4 c5 36. Ra6+ Kc7 37. dxc5 Rg1 38. Bd1 Rg2+ 0-1


[Site "https://www.chess.com"]

[Event "Titled Tuesday Blitz March 21 Late 2023"]
[White "Omelja, Artem"]
[Black "Li, Ruifeng"]
[WhiteFideId "14119846"]
[BlackFideId "2061074"]
[WhiteElo "2404"]
[BlackElo "2441"]
[Result "0-1"]
[Round "03"]
[TimeControl "180+2"]
[Date "2023.03.21"]
[WhiteClock "0:00:54"]
[BlackClock "0:01:12"]

1. e4 d6 2. d4 Nf6 3. Nc3 Nc6 4. f3 e5 5. Nge2 a6 6. Be3 g6 7. Qd2 h5 8. O-O-O Bg7 9. h4 b5 10. a3 Bb7 11. Bg5 Qb8 12. dxe5 Nxe5 13. Nf4 O-O 14. Be2 Nc4 15. Bxc4 bxc4 16. Nfd5 Bxd5 17. exd5 Qb7 18. Bh6 Rfb8 19. Rde1 Qxb2+ 20. Kd1 Bxh6 21. Qd4 Bg7 22. Re7 Qa1+ 0-1


[Site "https://www.chess.com"]

[Event "Titled Tuesday Blitz March 21 Late 2023"]
[White "Yeletsky, Ivan"]
[Black "Janaszak, Dawid"]
[WhiteFideId "24180327"]
[BlackFideId "1119206"]
[WhiteElo "2414"]
[BlackElo "2220"]
[Result "1-0"]
[Round "03"]
[TimeControl "180+2"]
[Date "2023.03.21"]
[WhiteClock "0:01:21"]
[BlackClock "0:01:21"]

1. e4 c5 2. Nc3 Nc6 3. Nge2 g6 4. d4 cxd4 5. Nxd4 Bg7 6. Be3 Nf6 7. Bc4 O-O 8. Bb3 d6 9. f3 Na5 10. Qd2 Nxb3 11. cxb3 b6 12. Bh6 Bb7 13. O-O-O Rc8 14. Kb1 Re8 15. Bxg7 Kxg7 16. h4 h5 17. g4 hxg4 18. h5 Rh8 19. hxg6 Kxg6 20. Nf5 Qf8 21. Rxh8 Qxh8 22. Nxe7+ Kg7 23. Qg5+ Kf8 24. Nxc8 Bxc8 25. Rxd6 Qh1+ 26. Rd1 Qxf3 27. Rd8+ Ke7 28. Rxc8 g3 29. Qe5+ Kd7 30. Rc7+ 1-0


[Site "https://www.chess.com"]

[Event "Titled Tuesday Blitz March 21 Late 2023"]
[White "Gharibyan, Mamikon"]
[Black "Korkmaz, Necmettin"]
[WhiteFideId "13308300"]
[BlackFideId "6303285"]
[WhiteElo "2445"]
[BlackElo "2097"]
[Result "1-0"]
[Round "03"]
[TimeControl "180+2"]
[Date "2023.03.21"]
[WhiteClock "0:00:59"]
[BlackClock "0:00:30"]

1. Nf3 d5 2. g3 Nf6 3. Bg2 g6 4. b3 Bg7 5. Bb2 O-O 6. c4 c6 7. O-O Re8 8. a4 Nbd7 9. d4 Ne4 10. a5 Ndf6 11. Ne5 Bf5 12. a6 bxa6 13. Nxc6 Qb6 14. Na5 dxc4 15. Nxc4 Qb7 16. Nbd2 Rad8 17. Nf3 Rb8 18. Na5 Qb5 19. Ne5 h5 20. f3 Ng5 21. h4 Ngh7 22. e4 Bc8 23. Nec6 Rb6 24. d5 Nd7 25. Bxg7 Kxg7 26. Qd4+ Nhf6 27. Rfc1 e5 28. Qf2 Bb7 29. Bf1 Bxc6 30. Bxb5 Bxb5 31. Rc7 Ra8 32. Nc4 Rbb8 33. Rxa7 Rxa7 34. Qxa7 Rc8 35. Qe3 Bxc4 36. bxc4 Rxc4 37. Rxa6 Nc5 38. Rc6 Rc1+ 39. Qxc1 1-0


[Site "https://www.chess.com"]

[Event "Titled Tuesday Blitz March 21 Late 2023"]
[White "Papayan, Oleg"]
[Black "Gines Esteo, Pedro Antonio"]
[WhiteFideId "4193911"]
[BlackFideId "32080190"]
[WhiteElo "2153"]
[BlackElo "2453"]
[Result "0-1"]
[Round "03"]
[TimeControl "180+2"]
[Date "2023.03.21"]
[WhiteClock "0:00:09"]
[BlackClock "0:01:15"]

1. e4 c6 2. Nf3 d5 3. Nc3 Bg4 4. Qe2 e6 5. exd5 cxd5 6. Qb5+ Nd7 7. Qxb7 Bxf3 8. gxf3 Ngf6 9. d4 Be7 10. Bf4 O-O 11. Qc7 Qxc7 12. Bxc7 Rfc8 13. Bf4 Bb4 14. Bd2 Rab8 15. Ba6 Rc6 16. Bb5 Rc7 17. Bd3 Nb6 18. O-O-O Nc4 19. Bxc4 Rxc4 20. Ne2 Rbc8 21. c3 Bd6 22. Kb1 a5 23. Bf4 Bf8 24. Nc1 a4 25. a3 Nh5 26. Be5 f6 27. Bg3 Kf7 28. Nd3 g6 29. Nf4 Ng7 30. Rhe1 R8c6 31. Nd3 Rb6 32. Nb4 Nf5 33. Bf4 g5 34. Be3 h5 35. f4 g4 36. Rf1 Nh4 37. Rd3 Nf3 38. Rh1 Bxb4 39. axb4 Rc8 40. h3 Kg6 41. hxg4 hxg4 42. Kc2 Rxb4 43. Ra1 Rbc4 44. Ra3 Ne1+ 45. Kd2 Nxd3 46. Kxd3 Kf5 47. Ra2 Rb8 48. Bd2 Rb3 49. Be3 a3 50. Rxa3 Rcxc3+ 51. bxc3 Rxa3 52. Bd2 Ra2 53. Be3 Rb2 54. Bd2 Rxd2+ 55. Kxd2 Kxf4 56. Ke2 Ke4 57. Kd2 Kf3 58. Ke1 e5 59. dxe5 fxe5 60. Kf1 e4 61. Ke1 e3 62. fxe3 Kxe3 63. c4 dxc4 64. Kd1 c3 65. Kc2 g3 66. Kxc3 g2 67. Kc4 g1=Q 68. Kd5 Qg4 69. Kc5 Qd4+ 70. Kb5 Kd3 71. Ka5 Qb2 72. Ka4 Kc4 73. Ka5 Qb5# 0-1


[Site "https://www.chess.com"]

[Event "Titled Tuesday Blitz March 21 Late 2023"]
[White "Raja Rithvik R"]
[Black "Ladan, Nicholas"]
[WhiteFideId "35007394"]
[BlackFideId "30918855"]
[WhiteElo "2402"]
[BlackElo "2167"]
[Result "1-0"]
[Round "03"]
[TimeControl "180+2"]
[Date "2023.03.21"]
[WhiteClock "0:02:38"]
[BlackClock "0:02:08"]

1. b3 d5 2. Bb2 Bg4 3. h3 Bh5 4. g4 Bg6 5. Bg2 f6 6. f4 Nc6 7. Nf3 e6 8. O-O Bd6 9. e3 h5 10. g5 a5 11. Nc3 Qe7 12. Nb5 e5 13. Nh4 Be4 14. Bxe4 dxe4 15. Ng6 Qd7 16. Nxd6+ cxd6 17. Nxh8 Qxh3 18. Qe2 Nge7 19. Qg2 Qxg2+ 20. Kxg2 O-O-O 21. Nf7 Rd7 22. gxf6 g6 23. fxe7 1-0


[Site "https://www.chess.com"]

[Event "Titled Tuesday Blitz March 21 Late 2023"]
[White "Timmermans, Mark"]
[Black "Goncalves, Davi Sulzbacher"]
[WhiteFideId "1026399"]
[BlackFideId "2154510"]
[WhiteElo "2460"]
[BlackElo "2182"]
[Result "1-0"]
[Round "03"]
[TimeControl "180+2"]
[Date "2023.03.21"]
[WhiteClock "0:00:51"]
[BlackClock "0:00:06"]

1. b4 c6 2. Bb2 Qb6 3. a3 a5 4. c4 axb4 5. c5 Qc7 6. axb4 Rxa1 7. Bxa1 d5 8. Nf3 f6 9. e3 Nh6 10. Be2 e5 11. d4 e4 12. Nfd2 Be7 13. Nc3 O-O 14. b5 Qa5 15. O-O f5 16. Qb3 Qc7 17. f4 exf3 18. Bxf3 Kh8 19. h3 Bg5 20. Nd1 Qg3 21. bxc6 bxc6 22. Rf2 Be6 23. Nf1 Qc7 24. Bc3 Nd7 25. Rb2 f4 26. Qb7 Qxb7 27. Rxb7 Nf5 28. e4 Ne7 29. exd5 Nxd5 30. Bxd5 cxd5 31. Nd2 f3 32. Nxf3 Bf6 33. Nf2 Nxc5 34. Rb6 Bg8 35. Bb4 Nd7 36. Rb7 Rb8 37. Rxb8 Nxb8 38. Nd3 Nc6 39. Bc5 Bf7 40. Nf4 Kg8 41. g4 h6 42. h4 g5 43. hxg5 hxg5 44. Nh3 Be6 45. Nf2 Kf7 46. Kg2 Ke8 47. Kg3 Kd7 48. Nh3 Bf7 49. Nhxg5 Bg6 50. Kf4 Be4 51. Nxe4 dxe4 52. Kxe4 Bg7 53. d5 Nd8 54. Kf5 Bb2 55. g5 Nb7 56. Bb4 Nd6+ 57. Bxd6 Kxd6 58. Ke4 Bc1 59. g6 Bb2 60. Nd4 Ke7 61. d6+ Kxd6 62. g7 1-0


[Site "https://www.chess.com"]

[Event "Titled Tuesday Blitz March 21 Late 2023"]
[White "Graif, William"]
[Black "Stoyanov, Tsvetan"]
[WhiteFideId "2609835"]
[BlackFideId "2917173"]
[WhiteElo "2205"]
[BlackElo "2349"]
[Result "0-1"]
[Round "03"]
[TimeControl "180+2"]
[Date "2023.03.21"]
[WhiteClock "0:00:37"]
[BlackClock "0:00:40"]

1. e4 g6 2. Nc3 Bg7 3. Bc4 d6 4. d3 Nf6 5. f4 a6 6. a4 O-O 7. Nf3 c6 8. Ba2 Qc7 9. O-O Nbd7 10. Qe1 e6 11. Qh4 b5 12. f5 d5 13. Bh6 Ne5 14. Bxg7 Kxg7 15. fxe6 fxe6 16. Ng5 h6 17. Nh3 Neg4 18. Rf3 Qxh2+ 19. Kf1 Qh1+ 20. Ke2 Qxa1 0-1


[Site "https://www.chess.com"]

[Event "Titled Tuesday Blitz March 21 Late 2023"]
[White "Burg, Twan"]
[Black "Kretchetov, Alexandre"]
[WhiteFideId "1010697"]
[BlackFideId "4124588"]
[WhiteElo "2422"]
[BlackElo "2518"]
[Result "1/2-1/2"]
[Round "03"]
[TimeControl "180+2"]
[Date "2023.03.21"]
[WhiteClock "0:00:07"]
[BlackClock "0:00:06"]

1. e4 e5 2. Nf3 Nc6 3. Bb5 a6 4. Ba4 d6 5. c3 g6 6. d4 Bd7 7. O-O Bg7 8. Re1 Nf6 9. d5 Ne7 10. Bxd7+ Nxd7 11. c4 h6 12. Nc3 f5 13. b4 a5 14. bxa5 Rxa5 15. a4 O-O 16. Nd2 f4 17. Nb3 Ra8 18. f3 g5 19. Ba3 h5 20. c5 Nf6 21. cxd6 cxd6 22. Nb5 Ne8 23. a5 Qd7 24. Qd3 Rf7 25. Rec1 Kf8 26. Rc2 g4 27. Rac1 Ng6 28. Nc7 Rd8 29. Ne6+ Kg8 30. Nxd8 Qxd8 31. Qb5 Nh4 32. Rc8 Qg5 33. fxg4 Qxg4 34. Qxe8+ Kh7 35. R8c2 Rc7 36. Rf2 Rxc1+ 37. Nxc1 Qd1+ 38. Rf1 Qg4 39. g3 fxg3 40. Rf2 gxf2+ 41. Kxf2 Qf4+ 42. Ke1 Qxe4+ 43. Ne2 Nf3+ 44. Kf2 Qf5 45. Bxd6 Nd4+ 46. Ke1 Qb1+ 47. Kf2 Qf5+ 48. Ke1 Qb1+ 49. Kf2 Qf5+ 1/2-1/2


[Site "https://www.chess.com"]

[Event "Titled Tuesday Blitz March 21 Late 2023"]
[White "Carbone, Diego"]
[Black "Kuznetsov, Felix"]
[WhiteFideId "3002179"]
[BlackFideId "34147990"]
[WhiteElo "2266"]
[BlackElo "2235"]
[Result "0-1"]
[Round "03"]
[TimeControl "180+2"]
[Date "2023.03.21"]
[WhiteClock "0:00:14"]
[BlackClock "0:00:41"]

1. d4 Nf6 2. c4 e6 3. Nc3 Bb4 4. Qc2 O-O 5. e4 d5 6. e5 Ne4 7. Bd3 c5 8. Nf3 cxd4 9. Nxd4 Nd7 10. Bf4 Ndc5 11. O-O Bxc3 12. bxc3 Nxd3 13. Qxd3 Qc7 14. cxd5 exd5 15. Rac1 Be6 16. c4 Nc5 17. Qe3 dxc4 18. Nxe6 Nxe6 19. Bg3 b5 20. Rfd1 Rfd8 21. Rd6 Qc5 22. Qd2 b4 23. Rd1 Rxd6 24. exd6 c3 25. Qd3 Rd8 26. h4 h5 27. Qa6 c2 28. Rc1 Nd4 29. Qd3 Qc3 30. Qe4 Qd2 31. Kh2 Qxc1 32. Qxd4 Qd1 0-1


[Site "https://www.chess.com"]

[Event "Titled Tuesday Blitz March 21 Late 2023"]
[White "Adewumi, Tanitoluwa"]
[Black "angelgab3"]
[WhiteFideId "30966396"]
[WhiteElo "2753"]
[BlackElo "2515"]
[Result "1-0"]
[Round "03"]
[TimeControl "180+2"]
[Date "2023.03.21"]
[WhiteClock "0:00:08"]
[BlackClock "0:00:09"]

1. e4 c5 2. Nf3 d6 3. Bb5+ Nd7 4. c3 a6 5. Bd3 Ngf6 6. Bc2 e5 7. d4 Be7 8. O-O Kf8 9. dxe5 dxe5 10. c4 h6 11. Nc3 g6 12. Nd5 Kg7 13. Be3 Re8 14. Ba4 Nxe4 15. Re1 Nef6 16. Qd2 h5 17. Bh6+ Kg8 18. Rad1 e4 19. Ng5 b5 20. cxb5 Nb6 21. Nxb6 Qxb6 22. Bb3 Be6 23. Nxe6 fxe6 24. bxa6 Qxa6 25. Qc3 Rad8 26. Rxd8 Rxd8 27. Qe5 Kf7 28. h3 Qd6 29. Qc3 Qd4 30. Qa5 c4 31. Rd1 Qc5 32. Qxc5 Rxd1+ 33. Bxd1 Bxc5 34. Be3 Bxe3 35. fxe3 Nd5 36. Kf2 Nb4 37. b3 Nxa2 38. bxc4 Nc3 39. Bc2 Ke7 40. Ke1 Kd6 41. Kd2 Na2 42. Bxe4 g5 43. Bg6 h4 44. Kd3 Nb4+ 45. Kd4 Nc2+ 46. Bxc2 1-0


[Site "https://www.chess.com"]

[Event "Titled Tuesday Blitz March 21 Late 2023"]
[White "Yuan, Qingyu"]
[Black "Escanor89"]
[WhiteFideId "8609772"]
[WhiteElo "2359"]
[BlackElo "2504"]
[Result "1-0"]
[Round "03"]
[TimeControl "180+2"]
[Date "2023.03.21"]
[WhiteClock "0:01:07"]
[BlackClock "0:00:59"]

1. e4 c5 2. Nf3 e6 3. c3 Nf6 4. e5 Nd5 5. g3 d6 6. exd6 Qxd6 7. Bg2 Nc6 8. O-O Be7 9. d4 cxd4 10. Nxd4 O-O 11. Nxc6 Qxc6 12. Nd2 Qc7 13. Qe2 Bd7 14. Nf3 Rac8 15. Rd1 Bc6 16. Nd4 Bf6 17. Nxc6 Qxc6 18. Be3 a6 19. Bxd5 exd5 20. Rd2 Rfe8 21. Rad1 Rcd8 22. Qf3 Re4 23. Qxe4 1-0


[Site "https://www.chess.com"]

[Event "Titled Tuesday Blitz March 21 Late 2023"]
[White "Mahdavi, Reza"]
[Black "Miszler, Levente"]
[WhiteFideId "12595926"]
[BlackFideId "763276"]
[WhiteElo "2208"]
[BlackElo "2176"]
[Result "1-0"]
[Round "03"]
[TimeControl "180+2"]
[Date "2023.03.21"]
[WhiteClock "0:02:30"]
[BlackClock "0:02:00"]

1. Nf3 Nf6 2. g3 e6 3. Bg2 d5 4. O-O Be7 5. d4 O-O 6. c4 dxc4 7. Qc2 a6 8. a4 Bd7 9. Qxc4 Bc6 10. Bg5 Bd5 11. Qc2 Be4 12. Qc1 h6 13. Bxf6 Bxf6 14. Nc3 Bxf3 15. Bxf3 c6 16. e3 a5 17. Ne4 Na6 18. Qc4 Nb4 19. Rfd1 Be7 20. Rd2 Qc7 21. Rad1 Rfd8 22. Nc3 Bf6 23. h4 Qe7 24. Ne4 Nd5 25. Kg2 Rab8 26. Nc5 Rdc8 27. e4 Nb4 28. e5 b6 29. exf6 Qxf6 30. Ne4 Qg6 31. Nc3 b5 32. axb5 cxb5 33. Qe2 Qf6 34. d5 exd5 35. Nxd5 Nxd5 36. Bxd5 a4 37. Ba2 b4 38. Bc4 Re8 39. Qf3 Qb6 40. Bxf7+ 1-0


[Site "https://www.chess.com"]

[Event "Titled Tuesday Blitz March 21 Late 2023"]
[White "Maurizzi, Marc`Andria"]
[Black "Yanchenko, Roman"]
[WhiteFideId "36083534"]
[BlackFideId "4137329"]
[WhiteElo "2421"]
[BlackElo "2491"]
[Result "0-1"]
[Round "03"]
[TimeControl "180+2"]
[Date "2023.03.21"]
[WhiteClock "0:02:22"]
[BlackClock "0:02:30"]

1. e4 e6 2. d4 d5 3. exd5 exd5 4. Nf3 Nf6 5. Bd3 c5 6. O-O c4 7. Re1+ Be7 8. Bf1 O-O 9. b3 cxb3 10. axb3 Nc6 11. c3 Bf5 12. Bd3 Bg6 13. Na3 a6 14. Nc2 Rc8 15. Bb2 Re8 16. Ne5 Nxe5 17. dxe5 Ne4 18. c4 Bc5 19. Nd4 Nxf2 20. Kxf2 Qh4+ 21. g3 Qxh2+ 22. Kf3 Qxb2 23. Bxg6 fxg6 24. Ne2 Rxe5 25. Nf4 Qf2+ 26. Kg4 Rg5+ 27. Kxg5 Qxg3+ 28. Qg4 h6+ 0-1


[Site "https://www.chess.com"]

[Event "Titled Tuesday Blitz March 21 Late 2023"]
[White "Manukyan, Sargis A."]
[Black "Kozin, Yuri"]
[WhiteFideId "13303970"]
[BlackFideId "4129920"]
[WhiteElo "2187"]
[BlackElo "2499"]
[Result "1-0"]
[Round "03"]
[TimeControl "180+2"]
[Date "2023.03.21"]
[WhiteClock "0:01:15"]
[BlackClock "0:00:18"]

1. d4 d5 2. c4 c6 3. Nc3 Nf6 4. e3 Bf5 5. Nf3 e6 6. Bd3 Bg6 7. O-O Be7 8. Ne5 Bxd3 9. Qxd3 Nbd7 10. Nf3 O-O 11. e4 dxe4 12. Nxe4 Nxe4 13. Qxe4 Nf6 14. Qe2 c5 15. Be3 cxd4 16. Bxd4 Qc7 17. b3 Nd7 18. h3 Bf6 19. Rfd1 Bxd4 20. Rxd4 Nf6 21. Rad1 Rad8 22. Qd2 Rxd4 23. Qxd4 a6 24. Qd6 Qxd6 25. Rxd6 Rc8 26. g4 h6 27. Ne5 Kf8 28. f4 Ke7 29. Rd4 Rc5 30. Kf2 g5 31. fxg5 hxg5 32. Nf3 a5 33. h4 gxh4 34. g5 Nd7 35. Rxh4 b5 36. Ke3 bxc4 37. bxc4 Ne5 38. Nd2 Ng6 39. Rg4 Ne5 40. Re4 Ng6 41. Nf3 a4 42. Kd3 Rf5 43. Ke3 Rc5 44. Rd4 Ne5 45. Nd2 Nc6 46. Rh4 Rxg5 47. Ne4 Rg2 48. a3 Ra2 49. Kf4 Rxa3 50. Rh8 f5 51. Rh7+ Kd8 52. Nc5 Rc3 53. Nxe6+ Ke8 54. Kxf5 Rxc4 55. Kf6 Nd4 56. Re7# 1-0


[Site "https://www.chess.com"]

[Event "Titled Tuesday Blitz March 21 Late 2023"]
[White "EREBUNI91"]
[Black "Urbina Perez, Juan Antonio"]
[BlackFideId "2217368"]
[WhiteElo "2720"]
[BlackElo "2197"]
[Result "0-1"]
[Round "03"]
[TimeControl "180+2"]
[Date "2023.03.21"]
[WhiteClock "0:00:41"]
[BlackClock "0:01:12"]

1. e4 c5 2. Nc3 Nc6 3. Bb5 Nd4 4. Bc4 e6 5. Nge2 a6 6. a4 Nf6 7. O-O Nc6 8. d3 d5 9. exd5 Nxd5 10. Ba2 Be7 11. Re1 Nxc3 12. Nxc3 O-O 13. Be3 b6 14. Qg4 Bb7 15. Ne4 Nd4 16. Qd1 Nf5 17. Bf4 Nd6 18. Qe2 Nxe4 19. dxe4 Qc8 20. Rad1 Qc6 21. Bb3 Rfd8 22. f3 Rxd1 23. Rxd1 Rd8 24. Rxd8+ Bxd8 25. Qd3 Be7 26. Kf1 h6 27. Ke2 b5 28. axb5 axb5 29. c4 Ba6 30. cxb5 Bxb5 31. Bc4 Bxc4 32. Qxc4 Qb6 33. b3 Qa5 34. Bd2 Qa2 35. Kd3 Qb1+ 36. Qc2 Qf1+ 37. Kc3 Bf6+ 0-1


[Site "https://www.chess.com"]

[Event "Titled Tuesday Blitz March 21 Late 2023"]
[White "Aldokhin, Ivan"]
[Black "Sztokbant, Bernardo Vainzoff"]
[WhiteFideId "24115720"]
[BlackFideId "2115956"]
[WhiteElo "2322"]
[BlackElo "2222"]
[Result "1-0"]
[Round "03"]
[TimeControl "180+2"]
[Date "2023.03.21"]
[WhiteClock "0:00:05"]
[BlackClock "0:00:03"]

1. e4 c5 2. Nf3 d6 3. d4 cxd4 4. Nxd4 Nf6 5. Nc3 g6 6. Bc4 Bg7 7. Bb3 O-O 8. h3 Nc6 9. Be3 Bd7 10. O-O Nxd4 11. Bxd4 Bc6 12. Re1 b5 13. a4 b4 14. Nd5 Bxd5 15. exd5 a5 16. Qd3 Nd7 17. Bxg7 Kxg7 18. Re2 Nc5 19. Qd4+ Kg8 20. Bc4 Ra7 21. b3 Rc7 22. Rae1 Re8 23. Bb5 Rf8 24. Bc4 Re8 25. h4 Qc8 26. Bb5 Rf8 27. Rxe7 Rxe7 28. Rxe7 Qf5 29. Re2 h5 30. Bc6 Kh7 31. Qe3 Qg4 32. Qe7 Kg7 33. Bb5 Qf4 34. Re3 Kg8 35. g3 Qf5 36. Qxd6 Qxc2 37. Qc7 Qd1+ 38. Kh2 Qxd5 39. Re5 Ne6 40. Rxd5 Nxc7 41. Rc5 Ne6 42. Re5 Rc8 43. Bc4 Rc5 44. Re3 Kg7 45. Bxe6 fxe6 46. Rxe6 Rc3 47. Re5 Rxb3 48. Rxa5 Ra3 49. Kg2 b3 50. Rb5 Rxa4 51. Rxb3 Ra2 52. Rd3 Rb2 53. Kf3 Ra2 54. Ke3 Rb2 55. f3 Rb4 56. Rd4 Rb2 57. Kf4 Rb5 58. Ke4 Rb3 59. Rd3 Rb4+ 60. Rd4 Rb3 61. Rc4 Ra3 62. Kf4 Rb3 63. g4 hxg4 64. fxg4 Rb1 65. Rc7+ Kf8 66. Kg5 Rb4 67. Rc6 Kf7 68. Rf6+ Ke7 69. Rxg6 Kf7 70. Rf6+ Kg7 71. Rf4 Rb5+ 72. Rf5 Rb4 73. h5 Rb2 74. h6+ Kg8 75. Kg6 Rb6+ 76. Rf6 Rb8 77. g5 Ra8 78. Re6 Kh8 79. Kf7 1-0


[Site "https://www.chess.com"]

[Event "Titled Tuesday Blitz March 21 Late 2023"]
[White "Hernandez Gonzalez, William"]
[Black "Golubev, Mikhail"]
[WhiteFideId "3509915"]
[BlackFideId "14100983"]
[WhiteElo "2374"]
[BlackElo "2374"]
[Result "0-1"]
[Round "03"]
[TimeControl "180+2"]
[Date "2023.03.21"]
[WhiteClock "0:00:10"]
[BlackClock "0:00:17"]

1. e4 c5 2. Nf3 d6 3. d4 Nf6 4. Nc3 cxd4 5. Nxd4 g6 6. Be3 Bg7 7. Bc4 O-O 8. f3 Nc6 9. Qd2 Bd7 10. h4 Ne5 11. Bb3 Rc8 12. O-O-O h5 13. Kb1 Nc4 14. Bxc4 Rxc4 15. g4 hxg4 16. h5 Nxh5 17. Rdg1 gxf3 18. Rxh5 Rxd4 19. Bxd4 e5 20. Rh2 exd4 21. Nd5 Bc6 22. Qd3 Bxd5 23. exd5 Qf6 24. Rf2 Re8 25. Rxf3 Qe5 26. Rff1 Qxd5 27. Re1 Re5 28. a3 Qe6 29. Ref1 Re3 30. Qb5 d3 31. Rc1 d2 32. Rcd1 Re1 33. Qd3 Rxg1 34. Rxg1 Qe1+ 0-1


[Site "https://www.chess.com"]